 Dungeon Crawl Stone Soup version 0.21-a0-84-g85d6d27 (webtiles) character file.

6137 terra52 the Poker (level 11, -14/72 HPs)
             Began as a Formicid Summoner on July 1, 2017.
             Was a Believer of Hepliaklqana.
             Killed from afar by Nergalle (28 damage)
             ... with a bolt of negative energy
             ... on level 1 of the Orcish Mines.
             The game lasted 00:43:48 (12848 turns).

terra52 the Poker (Formicid Summoner)              Turns: 12848, Time: 00:43:49

Health: -14/72     AC:  6    Str: 16    XL:     11   Next: 13%
Magic:  5/22       EV: 13    Int: 14    God:    Hepliaklqana [**....]
Gold:   562        SH:  0    Dex: 12    Spells: 16/25 levels left

rFire    + + .     SeeInvis +   s - +3 spear
rCold    + . .     Gourm    .   (no shield)
rNeg     . . .     Faith    .   I - +0 troll leather armour
rPois    .         Spirit   .   (helmet unavailable)
rElec    .         Reflect  .   w - scarf {rC+ rF+}
rCorr    .         Harm     .   (no gloves)
MR       ++...                  E - +0 pair of boots
Stlth    +++.......             (no amulet)
HPRegen  0.62/turn              H - ring of protection from magic
MPRegen  0.18/turn              v - ring of protection from fire

@: drained
A: permanent stasis, dig shafts and tunnels, four strong arms, reduced essence,
antennae 3
a: Dig, Shaft Self, Recall Ancestor, Ancestor Identity, Renounce Religion


You were on level 1 of the Orcish Mines.
You worshipped Hepliaklqana.
Hepliaklqana was pleased with you.
You were not hungry.

You visited 3 branches of the dungeon, and saw 11 of its levels.

You collected 562 gold pieces.

Inventory:

Hand Weapons
 s - a +3 spear (weapon)
Missiles
 m - 18 tomahawks (quivered)
 r - 75 bolts
Armour
 w - a scarf of resistance (worn)
 z - the +1 chain mail of the Arcane {rF+}
   (You found it on level 4 of the Dungeon)

   It protects you from fire.
 E - a +0 pair of boots (worn)
 F - a +0 large shield
 I - a +0 troll leather armour (worn)
Magical Staves
 j - an uncursed staff of poison
Jewellery
 f - an uncursed ring of ice
 o - an uncursed ring of positive energy
 v - a ring of protection from fire (right hand)
 H - a ring of protection from magic (left hand)
Wands
 e - a wand of iceblast (7/15)
 t - a wand of random effects (29/48)
 u - a wand of clouds (3/9)
 K - a wand of iceblast (10/15)
Scrolls
 d - 2 scrolls of remove curse
 h - a scroll of noise {unknown}
 k - a scroll of enchant weapon {unknown}
 n - a scroll of silence {unknown}
 y - 3 scrolls of amnesia
 A - a scroll of fog {unknown}
 B - a scroll of identify
 G - 3 scrolls of acquirement {unknown}
Potions
 g - 5 potions of heal wounds
 i - 4 potions of curing
 l - a potion of might
 q - 3 potions of agility
 x - a potion of invisibility
 D - a potion of ambrosia
Books
 b - a book of Callings

   Spells                             Type                      Level
   a - Summon Small Mammal            Summoning                    1
   b - Call Imp                       Summoning                    2
   c - Call Canine Familiar           Summoning                    3
   d - Summon Guardian Golem          Hexes/Summoning              3
   e - Summon Lightning Spire         Summoning/Air                4
   f - Summon Ice Beast               Ice/Summoning                4
Comestibles
 a - 2 meat rations
 c - 11 bread rations
 p - a royal jelly
 C - 6 fruits
 J - a chunk of flesh


   Skills:
 + Level 5.2(4.4) Fighting
 + Level 7.7(6.8) Polearms
 + Level 1.4(0.6) Throwing
 + Level 5.3(4.5) Armour
 + Level 4.2(3.4) Dodging
 + Level 5.9(5.1) Stealth
 + Level 2.7(2.0) Shields
 + Level 0.2(0.0) Unarmed Combat
 + Level 7.6(6.8) Spellcasting
 + Level 2.6(1.8) Hexes
 + Level 7.6(6.7) Summonings


You had 16 spell levels left.
You knew the following spells:

 Your Spells              Type           Power        Failure   Level  Hunger
a - Summon Small Mammal   Summ           ###.         1%          1    None
b - Call Imp              Summ           ###.....     1%          2    #......
c - Call Canine Familiar  Summ           ###.....     3%          3    ##.....
d - Summon Guardian Gole  Hex/Summ       ###.....     9%          3    ##.....


Dungeon Overview and Level Annotations

Branches:
Dungeon (9/15)             Temple (1/1) D:6             Orc (1/2) D:9
   Lair: D:8-11

Altars:
Ashenzari
Cheibriados
Dithmenos
Elyvilon
Fedhas
Gozag
Hepliaklqana
Kikubaaqudgha
Makhleb
Nemelex Xobeh
Okawaru
Qazlal
Ru
Sif Muna
Trog
Uskayaw
Vehumet
Wu Jian
Xom
Yredelemnul
Zin
The Shining One

Shops:
D:5 [

Annotations:
Orc:1 Nergalle


Innate Abilities, Weirdness & Mutations

You cannot be hasted, slowed, berserked, paralysed or teleported.
You can dig through walls and to a lower floor.
Your four strong arms can wield two-handed weapons with a shield.
You have a pair of large antennae on your head. (SInv)
Your life essence is reduced to manifest your ancestor. (-10% HP)


Message History

The spectral orc knight is moderately damaged.
Your hound misses Nergalle.
The spectral orc knight hits you with a bardiche.
* * * LOW HITPOINT WARNING * * *
The spectral orc warrior misses something.
The warg barely misses you.
The spectral orc hits your hound with an enchanted flail.
The orc priest barely misses something.
Your shadow imp barely misses the warg.
Your hound barely misses Nergalle.
Evoke which item? (* to show all) (? for menu, Esc to quit)
Okay, then.
Nergalle points at you and mumbles some strange words.
The bolt of negative energy hits your hound.
Your hound is drained!
Your hound dies!
Your hound's corpse disappears in a puff of smoke!
The bolt of negative energy hits the spectral orc knight.
The spectral orc knight completely resists.
The bolt of negative energy hits you!
You feel drained.
You die...

####o....##
#....#
###.......###
##..#
##.....#.....#
$##
#..o.5.#....## #
#
##.Z5..##....#.#
#Zo#####......#
#§§.#.#.....###
##Zh5##......#
#@85).....###
#)..÷.....#
###......##
#...#.## ###.###
#.# ###


You could see Nergalle, a spectral orc, a spectral orc warrior, a spectral orc
knight, a warg, an orc priest, a friendly guardian golem, a friendly crimson
imp, a friendly white imp and a friendly shadow imp.

Vanquished Creatures
  A two-headed ogre (D:8)
  The ghost of sscrono2 the Covert, a novice OpAs of Nemelex Xobeh (D:6)
  A spriggan (D:7)
  A phantom (D:7)
  2 sky beasts
  An ice beast (D:7)
  An orc warrior (D:9)
  3 ogres
  A centaur (D:5)
  A big kobold (D:8)
  A bullfrog (D:6)
  A water moccasin skeleton (D:8)
  A howler monkey (D:7)
  2 crimson imps
  A bullfrog zombie (D:5)
  A jelly (D:8)
  3 hounds
  An iguana (D:8)
  A gnoll shaman (D:5)
  A centaur skeleton (D:6)
  Ijyb (D:3)
  3 orc wizards
  Natasha (twice) (D:2)
  A worker ant (D:6)
  3 worker ant zombies
  A gnoll (D:5)
  6 adders
  A shadow imp (D:4)
  A worm (D:3)
  5 leopard geckos
  9 orcs
  2 bats
  5 giant cockroaches
  11 hobgoblins
  4 jackals (D:4)
  4 quokkas
  A ball python (D:3)
  4 frilled lizards
  7 goblins
  9 kobolds
  A rat (D:1)
107 creatures vanquished.

Vanquished Creatures (collateral kills)
  The ghost of sscrono2 the Covert, a novice OpAs (D:7)
  The ghost of terra52 the Insei, a novice OpMo of Ru (D:5)
  2 trolls
  A hippogriff (D:9)
  A water moccasin (D:8)
  7 orc warriors
  2 ice beasts
  A sky beast (D:7)
  A phantom (D:8)
  A black bear (D:9)
  A centaur (D:5)
  An ogre (D:8)
  3 big kobolds
  A bullfrog (D:6)
  A scorpion (D:4)
  3 killer bees (D:6)
  5 wights (D:9)
  2 electric eels (D:9)
  3 crimson imps
  5 orc priests
  A bullfrog skeleton (D:6)
  A jelly (D:6)
  A bullfrog zombie (D:8)
  6 hounds
  An ancestor (D:8)
  A battlemage (Orc:1)
  3 orc wizards
  2 worker ants
  A killer bee zombie (D:9)
  2 gnolls (D:5)
  6 adders
  An ooze (D:2)
  An adder skeleton (D:4)
  2 worms (D:2)
  2 dart slugs
  21 orcs
  A bat (D:1)
  3 giant cockroaches
  A goblin (D:1)
  A hobgoblin (D:1)
  9 jackals
  A quokka (D:6)
  A ball python (D:4)
  A frilled lizard (D:5)
  11 kobolds
124 creatures vanquished.

Vanquished Creatures (others)
  An ancestor (D:6)
1 creature vanquished.

Grand Total: 232 creatures vanquished

Notes
Turn   | Place    | Note
-------+----------+-------------------------------------------
     0 | D:1      | terra52 the Formicid Summoner began the quest for the Orb.
     0 | D:1      | Reached XP level 1. HP: 13/13 MP: 3/3
   357 | D:1      | Reached XP level 2. HP: 9/19 MP: 3/5
   589 | D:1      | Learned a level 2 spell: Call Imp
   914 | D:1      | Found a sparkling altar of Nemelex Xobeh.
  1037 | D:2      | Reached XP level 3. HP: 10/24 MP: 3/6
  1562 | D:2      | Reached skill level 1 in Polearms
  1587 | D:2      | HP: 1/24 [adder (2)]
  1813 | D:2      | Learned a level 3 spell: Call Canine Familiar
  1830 | D:2      | Reached XP level 4. HP: 23/30 MP: 4/7
  1914 | D:2      | Noticed Natasha
  1922 | D:2      | Killed Natasha
  1922 | D:2      | Reached skill level 1 in Armour
  2158 | D:2      | Noticed Natasha
  2170 | D:2      | Killed Natasha
  2170 | D:2      | Reached XP level 5. HP: 20/36 MP: 2/8
  2515 | D:3      | Noticed Ijyb
  2548 | D:3      | Killed Ijyb
  2548 | D:3      | Reached skill level 1 in Fighting
  3766 | D:4      | Reached XP level 6. HP: 4/43 MP: 6/10
  4074 | D:4      | Learned a level 3 spell: Summon Guardian Golem
  4147 | D:4      | Got a bronze chain mail
  4162 | D:4      | Identified the +1 chain mail of the Arcane {rF+} (You found it on level 4 of the Dungeon)
  4247 | D:4      | Noticed an ogre
  4486 | D:4      | Killed an ogre
  4548 | D:4      | Reached skill level 5 in Summonings
  5501 | D:5      | Entered Level 5 of the Dungeon
  5644 | D:5      | Reached XP level 7. HP: 34/50 MP: 8/11
  5938 | D:5      | Noticed terra52's ghost (novice OpMo)
  6165 | D:5      | Found Efobleh's Armour Boutique.
  6327 | D:5      | Killed terra52's ghost
  6327 | D:5      | Reached XP level 8. HP: 16/57 MP: 0/13
  8108 | D:6      | Noticed sscrono2's ghost (novice OpAs)
  8124 | D:6      | Killed sscrono2's ghost
  8626 | D:6      | Found a staircase to the Ecumenical Temple.
  8639 | D:6      | Reached skill level 5 in Polearms
  8639 | D:6      | Reached skill level 5 in Spellcasting
  8639 | D:6      | Reached XP level 9. HP: 59/63 MP: 12/16
  8686 | Temple   | Entered the Ecumenical Temple
  8765 | Temple   | Became a worshipper of Hepliaklqana the Forgotten
  9596 | D:7      | Reached skill level 1 in Throwing
  9894 | D:7      | Noticed a troll
  9901 | D:7      | Killed a troll
  9901 | D:7      | Reached skill level 1 in Hexes
 10035 | D:7      | Noticed sscrono2's ghost (novice OpAs)
 10062 | D:7      | Killed sscrono2's ghost
 10145 | D:7      | Reached XP level 10. HP: 65/65 MP: 18/18
 10150 | D:7      | Reached * piety under Hepliaklqana
 10371 | D:7      | Found a sparkling altar of Nemelex Xobeh.
 10736 | D:8      | Reached skill level 5 in Armour
 10736 | D:8      | Reached skill level 5 in Stealth
 10925 | D:8      | Noticed a two-headed ogre
 10946 | D:8      | Killed a two-headed ogre
 11819 | D:9      | Reached ** piety under Hepliaklqana
 11820 | D:9      | Remembered your ancestor Ingiyab as a battlemage
 11884 | D:9      | Reached skill level 5 in Fighting
 12176 | D:9      | Found a staircase to the Orcish Mines.
 12184 | D:9      | Reached XP level 11. HP: 59/72 MP: 8/21
 12754 | Orc:1    | Entered Level 1 of the Orcish Mines
 12829 | Orc:1    | Noticed Nergalle
 12848 | Orc:1    | Killed from afar by Nergalle

Vault maps used:
D:1:      mrwooster_arrival_statue, nemelex_xobeh_ov_fountains_minmay
D:2:      first_bread, uniq_natasha
D:3:      uniq_ijyb
D:5:      serial_shops, nicolae_shop_behind_doors
D:6:      minmay_temple_entry_trees
D:7:      kennysheep_little_box, hangedman_abyss_or_decor_stabs, the_bakery,
          kennysheep_generic_room_15
D:9:      erik_orc_2, minivault_23
Temple:   nicolae_temple_the_god_donut
Orc:1:    uniq_nergalle

Skill      XL: |  1  2  3  4  5  6  7  8  9 10 |
---------------+-------------------------------+-----
Dodging        | 2 3 4 |  4.2
Polearms       | 1 2 3 4 5 6 7 |  7.7
Armour         | 1 2 3 4 5 |  5.3
Fighting       | 1 2 3 4 5 |  5.2
Spellcasting   | 3 5 7 |  7.6
Summonings     | 5 6 7 |  7.6
Stealth        | 3 4 5 |  5.9
Throwing       | 1 |  1.4
Hexes          | 1 2 |  2.6
Shields        | 2 |  2.7
Unarmed Combat | |  0.2

Action                   |  1- 3 |  4- 6 |  7- 9 | 10-12 || total
-------------------------+-------+-------+-------+-------++-------
Melee: Spear             |   102 |   270 |   388 |   273 ||  1033
       Unarmed           |     4 |       |       |       ||     4
Throw: Tomahawk          |       |     2 |    10 |     6 ||    18
 Cast: Summon Small Mamm |     5 |     1 |     7 |       ||    13
       Call Imp          |     7 |     1 |     5 |    19 ||    32
       Call Canine Famil |     1 |    19 |    26 |    18 ||    64
       Summon Guardian G |       |     1 |    12 |    23 ||    36
Invok: Ancestor Identity |       |       |     1 |       ||     1
       Ancestor Life: Ba |       |       |       |     1 ||     1
  Use: Potion            |     1 |     1 |       |     1 ||     3
       Scroll            |       |     1 |       |    11 ||    12
 Stab: Distracted        |       |     3 |     3 |     4 ||    10
       Sleeping          |       |     1 |     4 |     2 ||     7
  Eat: Chunk             |     3 |    11 |    11 |    11 ||    36
       Meat ration       |       |     1 |     1 |       ||     2
       Fruit             |       |       |     2 |     1 ||     3
Armor: Robe              |     3 |       |       |       ||     3
       Leather armour    |     9 |    38 |    48 |       ||    95
       Chain mail        |       |     2 |       |       ||     2
       Troll leather arm |       |       |     4 |    42 ||    46
Dodge: Dodged            |    63 |   142 |   171 |   105 ||   481
